 Dungeon Crawl Stone Soup version 0.25-a0-399-gcf1075a (webtiles) character file.

Game seed: 4119322267153214313, levelgen mode: deterministic

36388 Firecrotchwizard the Warrior (level 13, -2/152 HPs)
             Began as an Ogre Berserker on Jan 9, 2020.
             Was a High Priest of Trog.
             Slain by a crocodile (8 damage)
             ... on level 6 of the Lair of Beasts.
             The game lasted 00:54:22 (25979 turns).

Firecrotchwizard the Warrior (Ogre Berserker)      Turns: 25979, Time: 00:54:22

Health: -2/152     AC:  9    Str: 32    XL:     13   Next: 89%
Magic:  13/13      EV: 12    Int:  8    God:    Trog [*****.]
Gold:   614        SH:  0    Dex:  8    Spells: 12/12 levels left

rFire    + . .     SeeInvis +   V - +7 giant spiked club (crush)
rCold    + . .     Gourm    .   (shield currently unavailable)
rNeg     . . .     Faith    +   b - +2 robe of Royalty {rElec rF+ rC+ Str+4}
rPois    .         Spirit   .   (helmet restricted)
rElec    +         Reflect  .   E - +2 cloak
rCorr    .         Harm     .   (gloves unavailable)
MR       +....                  (boots unavailable)
Stlth    +.........             N - amulet of faith {Faith, !P}
HPRegen  0.35/turn              w - ring of see invisible {sInv, !d}
MPRegen  0.13/turn              J - +1 ring of protection

@: berserk cooldown, slowed, very slow
A: large, unfitting armour, tough skin 1
a: Berserk, Trog's Hand, Brothers in Arms, Renounce Religion


You were on level 6 of the Lair of Beasts.
You worshipped Trog.
Trog was extremely pleased with you.
You were hungry.

You visited 2 branches of the dungeon, and saw 17 of its levels.

You collected 1038 gold pieces.
You spent 424 gold pieces at shops.

Inventory:

Hand Weapons
 Q - a +0 dire flail
   (You took it off a two-headed ogre on level 10 of the Dungeon)
 R - a +5 eveningstar of protection
   (You took it off Urug on level 3 of the Lair of Beasts)
 V - a +7 giant spiked club of crushing (weapon)
   (Trog gifted it to you on level 6 of the Lair of Beasts)
 W - the +5 giant spiked club of Trog's Fury {crush, *Noise +Blink Int+5, unknown}
   (Trog gifted it to you on level 6 of the Lair of Beasts)

   It inflicts extra damage upon your enemies.
   It affects your intelligence (+5).
   It lets you blink.
   It may make noises in combat.
Missiles
 o - 2 poisoned darts (quivered)
 r - a throwing net {=f, !d}
Armour
 b - the +2 robe of Royalty (worn) {rElec rF+ rC+ Str+4}
   (You bought it in a shop on level 4 of the Dungeon)

   It affects your strength (+4).
   It protects you from fire.
   It protects you from cold.
   It insulates you from electricity.
 e - a +2 robe of cold resistance
   (You took it off Blork the orc on level 5 of the Dungeon)
 t - a scarf of spirit shield
   (You found it on level 4 of the Dungeon)
 E - a +2 cloak (worn)
   (You found it on level 7 of the Dungeon)
Jewellery
 w - a ring of see invisible (left hand) {sInv, !d}
   (You found it on level 1 of the Lair of Beasts)
 A - an uncursed ring of stealth {Stlth+}
   (You found it on level 4 of the Dungeon)
 J - a +1 ring of protection (right hand)
   (You found it on level 7 of the Dungeon)
 N - an amulet of faith (around neck) {Faith, !P}
   (You found it on level 9 of the Dungeon)
 S - an uncursed ring of protection from fire {rF+, !d}
   (You found it on level 4 of the Lair of Beasts)
 T - a cursed amulet of inaccuracy {unknown}
   (You found it on level 5 of the Lair of Beasts)
Wands
 y - a wand of disintegration (4)
   (You found it on level 1 of the Lair of Beasts)
 C - a wand of polymorph (25)
   (You found it on level 2 of the Lair of Beasts)
 F - a wand of flame (23)
   (You found it on level 7 of the Dungeon)
 I - a wand of random effects (19)
   (You found it on level 7 of the Dungeon)
 K - a wand of acid (11)
   (You found it on level 3 of the Lair of Beasts)
 L - a wand of digging (12)
   (You found it on level 9 of the Dungeon)
 P - a wand of enslavement (6)
   (You found it on level 10 of the Dungeon)
Scrolls
 a - 3 scrolls of blinking {!r}
 f - 7 scrolls of teleportation
 h - 6 scrolls of identify
 s - 5 scrolls of remove curse
 v - 2 scrolls of amnesia
 B - 5 scrolls of fear
 M - 3 scrolls of enchant armour
 U - a scroll of summoning
Potions
 d - a potion of agility {unknown}
 g - 3 potions of flight
 i - a potion of degeneration {unknown}
 j - a potion of heal wounds
 l - 2 potions of cancellation {unknown}
 m - a potion of brilliance {unknown}
 n - 3 potions of mutation {!q}
 p - 5 potions of berserk rage {!q}
 u - 3 potions of invisibility
 x - a potion of haste
 z - 2 potions of curing
 D - 2 potions of might
 G - 2 potions of ambrosia
 H - a potion of lignification {unknown}
 O - a potion of resistance {unknown}
Miscellaneous
 q - a phantom mirror
Comestibles
 c - 8 rations
 k - 7 chunks of flesh {@w0}


   Skills:
 + Level 15.8 Fighting
 * Level 15.5 Maces & Flails
 - Level 4.8 Throwing
 - Level 8.1 Dodging


You had 12 spell levels left.
You didn't know any spells.
Your spell library was empty.

Dungeon Overview and Level Annotations

Branches:
Dungeon (11/15)            Temple (0/1) D:5            Lair (6/6) D:9
  Swamp (0/4) Lair:3        Snake (0/4) Lair:4        Slime (0/5) Lair:5
    Orc: D:9-12

Altars:
Ashenzari
Fedhas
Hepliaklqana
Okawaru
Qazlal
Ru
Trog
Wu Jian
Xom
Yredelemnul
Jiyva

Shops:
D:4 *

Annotations:
D:9 4 runed translucent doors, Kingkrumpin's ghost, novice DEVM
D:10 exclusion: 2 doors
Lair:1 exclusion: 2 oklob plants
Lair:4 Nessos
Lair:5 1 runed translucent door, kazelolz's ghost, journeyman MiBe


Innate Abilities, Weirdness & Mutations

You are too large for most types of armour.
You have tough skin. (AC +1)


Message History

You kill the spriggan!
Trog accepts your kill.
You hear a shout! x2
The spriggan hits you with a +0 short sword.
The spriggan barely misses you.
You take 3 damage, and have 105/152 hp.
You barely miss the spriggan.
The spriggan hits you with a +0 short sword.
The spriggan hits you but does no damage.
You barely miss the spriggan. The spriggan barely misses you. x2
You puncture the spriggan!
The spriggan hits you but does no damage.
The spriggan hits you with a +0 dagger!
You take 9 damage, and have 96/152 hp.
You closely miss the spriggan. The spriggan barely misses you.
The spriggan closely misses you.
You bludgeon the spriggan!!
You kill the spriggan!
Trog accepts your kill.
The spriggan hits you but does no damage.
The spriggan hits you with a cursed -2 rapier!
You take 9 damage, and have 88/152 hp.
You closely miss the spriggan.
The spriggan hits you with a +0 short sword.
The spriggan hits you with a cursed -2 rapier!
The spriggan hits you with a +0 short sword!
You take 18 damage, and have 70/152 hp.
You closely miss the spriggan.
The spriggan hits you but does no damage.
The spriggan hits you with a cursed -2 rapier!
You take 9 damage, and have 61/152 hp.
A red film seems to cover your vision as you go berserk!
You feel yourself moving faster!
You feel mighty!
You feel quite a bit more hungry.
The spriggan hits you but does no damage.
You now have 92/228 hp.
You hit the spriggan.
The spriggan hits you with a cursed -2 rapier.
You take 5 damage, and have 87/228 hp.
You closely miss the spriggan.
The spriggan hits you with a +0 short sword!
The spriggan hits you but does no damage.
You take 11 damage, and have 76/228 hp.
You bludgeon the spriggan!!
You kill the spriggan!
Trog accepts your kill.
The spriggan hits you with a +0 short sword!
You take 7 damage, and have 69/228 hp.
You crush the spriggan like a grape!!!!
You kill the spriggan!
Trog accepts your kill. The spriggan barely misses you.
The spriggan blocks your attack.
The spriggan hits you with a cursed -2 short sword!
* * * LOW HITPOINT WARNING * * *
You take 6 damage, and have 63/228 hp.
You bludgeon the spriggan!! You miss the spriggan.
The spriggan barely misses you.
You miss the spriggan.
A crocodile comes into view.
The spriggan hits you with a cursed -2 short sword!
* * * LOW HITPOINT WARNING * * *
You take 7 damage, and have 56/228 hp.
You impale the spriggan!!
You kill the spriggan!
Trog accepts your kill.
Trog will now gift you melee weapons as you gain piety.
Something appears at your feet! Trog grants you a weapon!
Items here: )))) [[[[[ † You butcher the spriggan corpse.
You feel a strong urge to attack something.
You are no longer berserk.
You are exhausted.
You feel yourself slow down.
Items here: % )))) [[[[[ ÷ You now have 38/152 hp.
A spriggan rider comes into view. It is wielding a +0 spear.
You see here a translucent giant spiked club {god gift}.
W - a translucent giant spiked club {god gift} You feel much better.
The crocodile bites you.
The spriggan rider hits you from afar with a +0 spear!
The crocodile barely misses you.
You regained 14 hp, and now have 53/152 hp.
The spriggan rider barely misses you. The crocodile barely misses you.
The spriggan rider closely misses you.
You hit the spriggan rider. The crocodile bites you!
* * * LOW HITPOINT WARNING * * *
The spriggan rider hits you with a +0 spear.
* * * LOW HITPOINT WARNING * * *
The crocodile bites you!
* * * LOW HITPOINT WARNING * * *
You take 35 damage, and have 19/152 hp.
MASSIVE DAMAGE!!
You are feeling hungry.
You completely miss the spriggan rider.
The spriggan rider hits you with a +0 spear!
* * * LOW HITPOINT WARNING * * *
The crocodile bites you!
You die...

.....
♣♣♣♣.....
♣........
......♣ ♣♣
♣♣♣♣♣....♣ .♣
♣♣♣.....♣♣ .♣
♣♣........♣♣♣
.♣
♣...♣♣♣♣....♣♣
♣♣♣♣♣..♣♣
♣♣♣.i@♣♣♣
♣♣....♣♣
♣♣♣t.)♣
.)....♣♣♣
♣♣♣).♣
...÷.÷..♣♣♣♣♣
♣♣♣...
.♣♣♣♣♣♣♣..♣.♣♣
♣.... ♣♣
♣♣....# .....
♣♣♣.P## ..$.
♣♣# ♣....##
♣♣♣ ♣..
♣....P#
♣♣♣♣♣♣♣♣♣.♣


You could see a spriggan rider and a crocodile.

Vanquished Creatures
  Kirke (Lair:5)
  Fannar (Lair:3)
  A two-headed ogre (D:10)
  5 hydras
  Urug (Lair:3)
  2 black mambas
  3 elephants (Lair:6)
  6 spiny frogs
  A rime drake (Lair:3)
  11 komodo dragons
  7 polar bears
  Prince Ribbit (D:6)
  4 hornets
  3 hippogriffs
  8 dream sheep
  14 spriggans (Lair:6)
  30 yaks
  A wyvern (Lair:2)
  A hog (Lair:5)
  2 humans (D:9)
  5 basilisks
  2 hungry ghosts
  4 vampire mosquitoes (Lair:3)
  5 water moccasins
  15 porcupines
  3 orc warriors
  5 sky beasts
  4 black bears
  6 ice beasts
  3 phantoms
  3 ogres
  21 wolves
  3 boggarts (Lair:6)
  4 centaurs
  9 crocodiles
  A big kobold (D:10)
  Blork the orc (D:5)
  9 bullfrogs
  2 scorpions
  A water moccasin skeleton (D:4)
  20 wights
  An electric eel (Lair:3)
  2 howler monkeys (D:8)
  A bullfrog zombie (D:8)
  3 crimson imps
  A bullfrog skeleton (D:8)
  4 hounds
  A centaur zombie (D:8)
  A jelly (D:6)
  A gnoll shaman (D:4)
  3 orc priests
  3 iguanas
  10 worker ants
  14 orc wizards
  A hound zombie (D:5)
  A hound skeleton (D:6)
  4 gnolls (D:4)
  13 adders
  3 shadow imps
  An adder zombie (D:9)
  An adder skeleton (D:4)
  3 dart slugs
  2 worms (D:2)
  8 leopard geckos
  32 orcs
  7 bats
  6 giant cockroaches
  5 goblins
  4 hobgoblins
  16 jackals
  18 kobolds
  4 quokkas
  A ball python (D:4)
  9 frilled lizards
  14 rats
427 creatures vanquished.

Vanquished Creatures (collateral kills)
  A spiny frog (Lair:1)
  A hippogriff (Lair:1)
  3 porcupines (Lair:1)
  A crocodile (Lair:1)
  A bullfrog (Lair:1)
7 creatures vanquished.

Vanquished Creatures (others)
  An orc wizard (D:8)
  A bush (D:9)
  14 fungi
  20 plants
36 creatures vanquished.

Grand Total: 470 creatures vanquished

Notes
Turn   | Place    | Note
-------+----------+-------------------------------------------
     0 | D:1      | Firecrotchwizard the Ogre Berserker began the quest for the
                  | Orb.
     0 | D:1      | Reached XP level 1. HP: 24/24 MP: 1/1
   147 | D:1      | Reached skill level 3 in Maces & Flails
   147 | D:1      | Reached XP level 2. HP: 25/32 MP: 2/2
   343 | D:1      | Reached ** piety under Trog
   343 | D:1      | Reached skill level 1 in Throwing
   347 | D:1      | Reached XP level 3. HP: 32/40 MP: 3/3
  1117 | D:2      | Reached XP level 4. HP: 25/49 MP: 4/4
  1779 | D:2      | Found a blossoming altar of Fedhas.
  2026 | D:2      | Found a faded altar of an unknown god.
  2485 | D:3      | Reached *** piety under Trog
  2564 | D:3      | Reached skill level 5 in Fighting
  2564 | D:3      | Reached skill level 4 in Maces & Flails
  2567 | D:3      | Reached XP level 5. HP: 26/57 MP: 5/5
  2574 | D:3      | Reached skill level 2 in Throwing
  2787 | D:3      | Found a basalt altar of Yredelemnul.
  3624 | D:4      | Found Oqefumat's Assorted Antiques.
  3661 | D:4      | Reached XP level 6. HP: 22/66 MP: 6/6
  3869 | D:4      | Bought a scroll labeled TEGUKI CEICES for 31 gold pieces
  4133 | D:4      | Noticed an ice beast
  4174 | D:4      | Killed an ice beast
  4269 | D:4      | Noticed a sky beast
  4293 | D:4      | Killed a sky beast
  4293 | D:4      | Reached skill level 6 in Fighting
  4293 | D:4      | Reached skill level 5 in Maces & Flails
  4293 | D:4      | Reached skill level 3 in Throwing
  4478 | D:4      | Reached XP level 7. HP: 63/75 MP: 7/7
  5420 | D:5      | Entered Level 5 of the Dungeon
  5526 | D:4      | Reached skill level 6 in Maces & Flails
  5729 | D:4      | Reached skill level 7 in Fighting
  5729 | D:4      | Reached skill level 4 in Throwing
  5729 | D:4      | Reached XP level 8. HP: 35/87 MP: 8/8
  6235 | D:5      | Noticed Blork the orc
  6374 | D:5      | Found a staircase to the Ecumenical Temple.
  6413 | D:5      | Found a hazy altar of Hepliaklqana.
  6451 | D:5      | Killed Blork the orc
  6498 | D:5      | Reached **** piety under Trog
  6650 | D:5      | Found a sacrificial altar of Ru.
  6656 | D:5      | Found an ornate altar of the Wu Jian Council.
  6725 | D:5      | Reached skill level 7 in Maces & Flails
  7152 | D:6      | Reached skill level 8 in Fighting
  7164 | D:6      | Reached skill level 3 in Dodging
  7164 | D:6      | HP: 33/132 [worker ant (1)]
  7614 | D:6      | Noticed Prince Ribbit
  7628 | D:6      | Killed Prince Ribbit
  7628 | D:6      | Reached skill level 8 in Maces & Flails
  7628 | D:6      | Reached XP level 9. HP: 92/97 MP: 9/9
  8069 | D:6      | Noticed a moth of wrath
  8072 | D:6      | Found a bloodstained altar of Trog.
  8436 | D:7      | Reached skill level 4 in Dodging
  8440 | D:7      | Reached skill level 9 in Fighting
  8546 | D:4      | Bought a runed morningstar for 217 gold pieces
  9286 | D:7      | Found a stormy altar of Qazlal.
  9327 | D:7      | Reached skill level 9 in Maces & Flails
  9976 | D:8      | Noticed a hornet
  9985 | D:8      | Paralysed by a hornet for 3 turns
  9988 | D:8      | Killed a hornet
 10241 | D:8      | Reached skill level 5 in Dodging
 10241 | D:8      | Reached XP level 10. HP: 107/110 MP: 10/10
 10304 | D:8      | Reached skill level 10 in Fighting
 10521 | D:8      | Found a shattered altar of Ashenzari.
 10860 | D:8      | Reached skill level 10 in Maces & Flails
 10867 | D:8      | Reached ***** piety under Trog
 10867 | D:8      | Received a gift from Trog
 11543 | D:9      | Reached skill level 6 in Dodging
 11544 | D:9      | HP: 14/111 [yak (14)]
 11842 | D:9      | Found a runed translucent door.
 11842 | D:9      | Noticed a fire dragon
 11842 | D:9      | Noticed a fire dragon
 11842 | D:9      | Noticed a centaur warrior
 11844 | D:9      | Noticed a tengu reaver
 11844 | D:9      | Noticed a centaur warrior
 11844 | D:9      | Noticed a deep elf archer
 11844 | D:9      | Noticed a deep troll
 12228 | D:9      | Found a runed translucent gate.
 12228 | D:9      | Found a runed translucent gate.
 12228 | D:9      | Found a runed translucent gate.
 12228 | D:9      | Noticed an 11-headed hydra
 12228 | D:9      | Noticed Kingkrumpin's ghost (novice DEVM)
 12447 | D:9      | Reached skill level 11 in Fighting
 12634 | D:9      | Reached XP level 11. HP: 92/120 MP: 11/11
 12651 | D:9      | Reached skill level 11 in Maces & Flails
 12698 | D:9      | Found a staircase to the Lair.
 13221 | D:9      | Found an iron altar of Okawaru.
 13391 | D:10     | Entered Level 10 of the Dungeon
 13592 | D:10     | Received a gift from Trog
 13635 | D:10     | Noticed a four-headed hydra
 13648 | D:10     | HP: 41/180 [four-headed hydra (8)]
 13651 | D:10     | Killed a four-headed hydra
 14515 | D:10     | Reached skill level 7 in Dodging
 14826 | D:10     | Noticed a two-headed ogre
 14834 | D:10     | Killed a two-headed ogre
 14834 | D:10     | Reached skill level 12 in Fighting
 15888 | Lair:1   | Entered Level 1 of the Lair of Beasts
 16208 | D:4      | Bought an opalescent robe for 176 gold pieces
 16218 | D:4      | Identified the +2 robe of Royalty {rElec rF+ rC+ Str+4}
                  | (You bought it in a shop on level 4 of the Dungeon)
 16378 | Lair:1   | Reached skill level 12 in Maces & Flails
 17642 | Lair:1   | Noticed a five-headed hydra
 17643 | Lair:1   | Noticed an oklob plant
 17643 | Lair:1   | Noticed an oklob plant
 17661 | Lair:1   | Killed a five-headed hydra
 17673 | Lair:1   | Reached XP level 12. HP: 68/133 MP: 12/12
 17983 | Lair:1   | Got a jewelled dagger
 18273 | Lair:2   | Reached skill level 8 in Dodging
 19134 | Lair:3   | Reached skill level 13 in Fighting
 19572 | Lair:3   | Noticed a four-headed hydra
 19605 | Lair:3   | Killed a four-headed hydra
 19610 | Lair:3   | HP: 25/136 [polar bear (15)]
 19992 | Lair:3   | Reached skill level 13 in Maces & Flails
 20013 | Lair:3   | HP: 34/136 [poisoned by a black mamba]
 20018 | Lair:3   | HP: 30/136 [poisoned by a black mamba]
 20023 | Lair:3   | HP: 29/136 [poisoned by a black mamba]
 20030 | Lair:3   | HP: 29/136 [poisoned by a black mamba]
 20038 | Lair:3   | HP: 29/136 [poisoned by a black mamba]
 20691 | Lair:3   | Noticed Fannar
 20712 | Lair:3   | Killed Fannar
 20774 | Lair:3   | Noticed Urug
 21026 | Lair:3   | Found a staircase to the Swamp.
 21510 | Lair:3   | Killed Urug
 22031 | Lair:4   | Found a staircase to the Snake Pit.
 22140 | Lair:4   | Reached skill level 14 in Fighting
 22407 | Lair:4   | Noticed Nessos
 22756 | Lair:5   | Noticed a five-headed hydra
 22767 | Lair:4   | Killed a five-headed hydra
 22839 | Lair:5   | Found a runed translucent door.
 22839 | Lair:5   | Found a shimmering altar of Xom.
 22839 | Lair:5   | Noticed kazelolz's ghost (journeyman MiBe)
 22923 | Lair:5   | Reached skill level 14 in Maces & Flails
 23007 | Lair:5   | Reached XP level 13. HP: 144/146 MP: 13/13
 23059 | Lair:5   | Found a staircase to the Slime Pits.
 23059 | Lair:5   | Found a viscous altar of Jiyva.
 23067 | Lair:5   | Noticed Kirke
 23085 | Lair:5   | Killed Kirke
 23630 | Lair:6   | Entered Level 6 of the Lair of Beasts
 24277 | Lair:6   | Received a gift from Trog
 24293 | Lair:6   | Paralysed by a hornet for 3 turns
 24302 | Lair:6   | Reached skill level 15 in Fighting
 24979 | Lair:5   | Reached skill level 15 in Maces & Flails
 24981 | Lair:5   | HP: 55/225 [yak (6)]
 25544 | Lair:6   | HP: 25/150 [komodo dragon (31)]
 25545 | Lair:6   | HP: 11/150 [komodo dragon (10)]
 25564 | Lair:6   | HP: 21/150 [spriggan/+0 rapier (4)]
 25970 | Lair:6   | HP: 56/228 [spriggan/cursed -2 short sword (8)]
 25971 | Lair:6   | Received a gift from Trog
 25975 | Lair:6   | Got a translucent giant spiked club {god gift}
 25978 | Lair:6   | HP: 38/152 [crocodile (16)]
 25979 | Lair:6   | HP: 6/152 [spriggan rider/+0 spear (14)]
 25979 | Lair:6   | Slain by a crocodile

Levels and vault maps discovered:
D:1:      lightli_arrival_statuegarden, layout_rooms, amethyst_killhole
D:2:      layout_loops_ring, fedhas_ov_isle_minmay,
          chequers_ecumenical_altar_twisty, minmay_stone_trees_small
D:3:      layout_loops_corners, lemuel_doored_altar, due_unseen_surprise
D:4:      layout_basic, serial_shops, shop_statue, kennysheep_nub
D:5:      layout_rooms, kennysheep_mini, hangedman_ru_absence,
          kennysheep_little_box, minmay_temple_entry_statues_pillars,
          first_ration, uniq_blork_the_orc
D:6:      layout_basic, tgw_trog, uniq_prince_ribbit1
D:7:      layout_basic, grunt_qazlal_clouds, hangedman_minor_gate_pass
D:8:      layout_basic, lemuel_coloured_pillars_altar
D:9:      minmay_gate_of_8, layout_loops_ring, okawaru_humans,
          minmay_lair_entry_grove, gammafunk_ghost_hydra_chop
D:10:     layout_grid_maze
D:11:     layout_small_grid, orc_0_dummy
Lair:1:   layout_regular_city, beast_lair_carwin_1, infiniplex_staircase_pool,
          minmay_lair_oklob_chamber, grunt_megastairs_5
Lair:2:   layout_hall_layers
Lair:3:   layout_loops_ring, minmay_swamp_entry_swarm, serial_bayou_crossing,
          uniq_urug, uniq_fannar
Lair:4:   layout_loops_ring, guppyfry_snake_entry_island, uniq_nessos
Lair:5:   layout_regular_city, slime_altar_1, ebering_ghost_xom,
          wad_woods_river_04, uniq_kirke
Lair:6:   minmay_lair_end_enchanted_forest, layout_layer_cave,
          grunt_megastairs_3

Skill      XL: |  1  2  3  4  5  6  7  8  9 10 11 12 13 |
---------------+----------------------------------------+-----
Maces & Flails | 3 4 5 6 8 9 10 12 14 15 | 15.5
Throwing       | 1 2 3 4 |  4.8
Fighting       | 5 6 7 8 9 11 12 14 15 | 15.8
Dodging        | 3 5 6 7 8 |  8.1

Action                   |  1- 3 |  4- 6 |  7- 9 | 10-12 | 13-15 || total
-------------------------+-------+-------+-------+-------+-------++-------
Melee: Mace              |   113 |   194 |    20 |       |       ||   327
       Flail             |       |       |   383 |   303 |       ||   686
       Trident           |       |       |    13 |       |       ||    13
       Morningstar       |       |       |    12 |   105 |       ||   117
       Dire flail        |       |       |       |   296 |       ||   296
       Eveningstar       |       |       |       |    67 |    87 ||   154
       Giant spiked club |       |       |       |       |   133 ||   133
Throw: Dart              |       |     6 |    15 |   147 |    17 ||   185
       Throwing net      |       |     1 |     1 |     1 |       ||     3
Invok: Berserk           |       |     4 |     6 |     9 |     6 ||    25
       Trog's Hand       |       |       |     1 |     2 |     1 ||     4
       Brothers in Arms  |       |       |       |     3 |       ||     3
Evoke: Wand              |       |       |     1 |     3 |     3 ||     7
       Sack of spiders   |       |       |       |     1 |       ||     1
  Use: Scroll            |       |       |    15 |    15 |     3 ||    33
       Potion            |       |       |       |     1 |     5 ||     6
 Stab: Sleeping          |       |       |     2 |     1 |       ||     3
       Distracted        |       |       |       |     1 |       ||     1
  Eat: Chunk             |     1 |    10 |    21 |    24 |     7 ||    63
       Ration            |       |     1 |     1 |    14 |     2 ||    18
Armor: Animal skin       |    39 |    57 |    33 |       |       ||   129
       Robe              |       |       |    94 |   199 |    89 ||   382
Dodge: Dodged            |    69 |   124 |   202 |   308 |   125 ||   828

Table legend:
 A = Non-vault XP
 B = Vault XP
 C = Vault XP percentage of total XP
 D = Non-vault monster count
 E = Vault monster count
 F = Vault count percentage of total count
                 A         B        C        D         E       F
            +---------+---------+-------+---------+---------+-------
      Total |   33161 |   18822 |  36.2 |     345 |      90 |  20.7
            +---------+---------+-------+---------+---------+-------
        D:1 |      60 |       0 |   0.0 |      34 |       0 |   0.0
        D:2 |      60 |       0 |   0.0 |      24 |       0 |   0.0
        D:3 |     128 |       0 |   0.0 |      24 |       0 |   0.0
        D:4 |     941 |       0 |   0.0 |      29 |       0 |   0.0
        D:5 |     632 |      94 |  12.9 |      20 |       1 |   4.8
        D:6 |     758 |     288 |  27.5 |      16 |       6 |  27.3
        D:7 |     752 |     520 |  40.9 |      22 |       8 |  26.7
        D:8 |    2325 |       0 |   0.0 |      40 |       0 |   0.0
        D:9 |    1721 |    2134 |  55.4 |      19 |      14 |  42.4
       D:10 |    4549 |       0 |   0.0 |      28 |       0 |   0.0
     Lair:1 |    1074 |    2485 |  69.8 |       7 |      13 |  65.0
     Lair:2 |    2188 |       0 |   0.0 |      13 |       0 |   0.0
     Lair:3 |    4614 |    2517 |  35.3 |      18 |       6 |  25.0
     Lair:4 |    2989 |       0 |   0.0 |      10 |       0 |   0.0
     Lair:5 |    4627 |    2307 |  33.3 |      21 |       2 |   8.7
     Lair:6 |    5743 |    8477 |  59.6 |      20 |      40 |  66.7
            +---------+---------+-------+---------+---------+-------

Levels and vault maps discovered:
D:1:      lightli_arrival_statuegarden, layout_rooms, amethyst_killhole
D:2:      layout_loops_ring, fedhas_ov_isle_minmay,
          chequers_ecumenical_altar_twisty, minmay_stone_trees_small
D:3:      layout_loops_corners, lemuel_doored_altar, due_unseen_surprise
D:4:      layout_basic, serial_shops, shop_statue, kennysheep_nub
D:5:      layout_rooms, kennysheep_mini, hangedman_ru_absence,
          kennysheep_little_box, minmay_temple_entry_statues_pillars,
          first_ration, uniq_blork_the_orc
D:6:      layout_basic, tgw_trog, uniq_prince_ribbit1
D:7:      layout_basic, grunt_qazlal_clouds, hangedman_minor_gate_pass
D:8:      layout_basic, lemuel_coloured_pillars_altar
D:9:      minmay_gate_of_8, layout_loops_ring, okawaru_humans,
          minmay_lair_entry_grove, gammafunk_ghost_hydra_chop
D:10:     layout_grid_maze
D:11:     layout_small_grid, orc_0_dummy
Lair:1:   layout_regular_city, beast_lair_carwin_1, infiniplex_staircase_pool,
          minmay_lair_oklob_chamber, grunt_megastairs_5
Lair:2:   layout_hall_layers
Lair:3:   layout_loops_ring, minmay_swamp_entry_swarm, serial_bayou_crossing,
          uniq_urug, uniq_fannar
Lair:4:   layout_loops_ring, guppyfry_snake_entry_island, uniq_nessos
Lair:5:   layout_regular_city, slime_altar_1, ebering_ghost_xom,
          wad_woods_river_04, uniq_kirke
Lair:6:   minmay_lair_end_enchanted_forest, layout_layer_cave,
          grunt_megastairs_3

Table legend:
 A = Turns spent in this place as a percentage of turns spent in the entire game.
 B = Non-inter-level travel turns spent in this place as a percentage of non-inter-level travel turns spent in the entire game.
 C = Inter-level travel turns spent in this place as a percentage of turns spent in this place.
 D = Turns resting spent in this place as a percentage of non-inter-level travel turns spent in this place.
 E = Turns spent auto-exploring this place as a percentage of non-inter-level travel turns spent in this place.
 F = Non-inter-level travel turns spent in this place divided by the number of levels of this place that you've seen.
                   A       B       C       D       E      F
               +-------+-------+-------+-------+-------+----------------------
         Total | 100.0 | 100.0 |   5.4 |  45.2 |  37.0 | 1445.8
       Dungeon |  62.2 |  61.0 |   7.2 |  42.0 |  39.0 | 1363.4
          Lair |  37.8 |  39.0 |   2.4 |  50.4 |  33.7 | 1597.0
               +-------+-------+-------+-------+-------+----------------------

Table legend:
 A = Kills in this place as a percentage of kills in entire the game.
 B = Kills by you in this place as a percentage of kills by you in the entire game.
 C = Kills by friends in this place as a percentage of kills by friends in the entire game.
 D = Other kills in this place as a percentage of other kills in the entire game.
 E = Experience gained in this place as a percentage of experience gained in the entire game.
 F = Experience gained in this place divided by the number of levels of this place that you have seen.
                   A       B       C       D       E      F
               +-------+-------+-------+-------+-------+----------------------
         Total | 100.0 | 100.0 | 100.0 | 100.0 | 100.0 | 3057.8
       Dungeon |  65.5 |  66.5 |   0.0 | 100.0 |  28.8 | 1360.2
          Lair |  34.5 |  33.5 | 100.0 |   0.0 |  71.2 | 6170.2
               +-------+-------+-------+-------+-------+----------------------
